 Dungeon Crawl Stone Soup version 0.25-a0-474-ga8a2ee3166 (webtiles) character file.

Game seed: 13566527231793204754, levelgen mode: deterministic

39 vurker the Gusty (level 3, -2/15 HPs)
             Began as a Felid Air Elementalist on Feb 7, 2020.
             Slain by Natasha (4 damage)
             ... on level 2 of the Dungeon.
             The game lasted 00:01:06 (996 turns).

vurker the Gusty (Felid Air Elementalist)            Turns: 996, Time: 00:01:06

Health: -2/15      AC:  1    Str:  4    XL:     3   Next: 28%
Magic:  0/7        EV: 18    Int: 17    God:
Gold:   66         SH:  0    Dex: 16    Spells: 6/7 levels left
                                        Lives:  0   Deaths: 0

rFire    . . .     SeeInvis +   (weapon unavailable)
rCold    . . .     Gourm    .   (shield unavailable)
rNeg     . . .     Faith    .   (armour unavailable)
rPois    .         Spirit   .   (helmet unavailable)
rElec    .         Reflect  .   (cloak unavailable)
rCorr    .         Harm     .   (gloves unavailable)
MR       .....                  (boots unavailable)
Stlth    +++.......             (no amulet)
HPRegen  0.05/turn              (no ring)
MPRegen  0.10/turn              (no ring)

@: very slightly contaminated, slowed, slow
A: very small, no armour, no weapons or thrown items, stealth, claws 1, fangs 3,
see invisible, carnivore, speed 1, shaggy fur 1, slow metabolism 1, sharp paws
a: no special abilities


You were on level 2 of the Dungeon.
You were not hungry.

You visited 1 branch of the dungeon, and saw 2 of its levels.

You collected 66 gold pieces.

Inventory:

Scrolls
 b - a scroll of identify {unknown}
 d - a scroll of fog {unknown}
 f - a scroll of teleportation {unknown}
Potions
 a - a potion of heal wounds {unknown}
 c - a potion of might {unknown}
Comestibles
 e - 4 rations


   Skills:
 + Level 1.0 Fighting
 - Level 2.6 Dodging
 - Level 2.6 Stealth
 * Level 2.5 Spellcasting
 * Level 1.6 Conjurations
 * Level 3.1 Air Magic


You had 6 spell levels left.
You knew the following spells:

 Your Spells              Type           Power        Failure   Level  Hunger
a - Shock                 Conj/Air       ##..         7%          1    #......

Your spell library contained the following spells:

 Spells                   Type           Power        Failure   Level  Hunger
 Swiftness                Chrm/Air       #.......     14%         2    ##.....
 Static Discharge         Conj/Air       ##......     21%         3    ###....
 Airstrike                Air            ##........   45%         4    #####..
 Lightning Bolt           Conj/Air       ##........   88%         5    ######.


Dungeon Overview and Level Annotations

Branches:
Dungeon (2/15)

Altars:

Annotations:
D:2 Natasha


Innate Abilities, Weirdness & Mutations

You cannot wear armour.
You are incapable of wielding weapons or throwing items.
Your paws allow you to move quietly. (Stealth)
You have sharp claws.
You have razor-sharp teeth.
You have supernaturally acute eyesight. (SInv)
You are carnivorous and can eat meat at any time.
You cover ground quickly.
You are covered in fur. (AC +1)
You have a slow metabolism.
Your sharp claws are effective at attacking unaware monsters.


Message History

You have reached level 3!
Your experience leads to an increase in your attributes!
Increase (S)trength, (I)ntelligence, or (D)exterity?
You feel clever.
A rat comes into view.
You see here a bat corpse.
A rat is nearby!
A rat is nearby!
Aim: a rat (resting)
The zap hits the rat.
You kill the rat!
You can't see any susceptible monsters within range! (Use Z to cast anyway.)
You can't see any susceptible monsters within range! (Use Z to cast anyway.)
You can't see any susceptible monsters within range! (Use Z to cast anyway.) Natasha, Servant of Life and Death comes into view.
Aim: Natasha (hasn't noticed you)
The zap hits Natasha.
Natasha hisses angrily.
Natasha stares at you and mumbles some strange words.
You feel yourself slow down.
Aim: Natasha (moderately wounded)
You miscast Shock.
You are very lightly contaminated with residual magic.
Ouch! You feel a sudden electric shock.
Aim: Natasha (moderately wounded)
You miscast Shock.
You feel a strange surge of energy!
Aim: Natasha (moderately wounded)
The zap misses Natasha.
Unknown command.
Aim: Natasha (moderately wounded)
The zap hits Natasha.
Natasha claws you. Natasha misses you.
Aim: Natasha (moderately wounded)
The zap hits Natasha.
Natasha extends her claws.
Natasha claws you but does no damage.
Aim: Natasha (severely wounded)
The zap hits Natasha but does no damage.
Natasha closely misses you. Natasha barely misses you.
You don't have enough magic to cast that spell.
You scratch Natasha.
Natasha stares at you and mumbles some strange words.
The magic dart hits you!
Ouch! That really hurt!
* * * LOW HITPOINT WARNING * * *
Aim: Natasha (severely wounded)
The zap hits Natasha.
Natasha closely misses you. Natasha claws you.
* * * LOW HITPOINT WARNING * * *
You scratch Natasha. Natasha closely misses you.
You closely miss Natasha. Natasha claws you.
You die...

#...##.........
..............#
...............
...............
#....#........#
.............
#.#.h.....##
#.[.@.......
.†...#.......#.
### ##<..#.##
##.## # ##


You could see Natasha.

Vanquished Creatures
  Natasha (D:2)
  A dart slug (D:1)
  3 bats
  A goblin (D:1)
  A hobgoblin (D:1)
  A ball python (D:1)
  2 kobolds (D:1)
  3 rats
13 creatures vanquished.

Notes
Turn   | Place    | Note
-------+----------+-------------------------------------------
     0 | D:1      | vurker the Felid Air Elementalist began the quest for the
                  | Orb.
     0 | D:1      | Reached XP level 1. HP: 7/7 MP: 4/4
    27 | D:1      | Reached skill level 1 in Conjurations
   315 | D:1      | Reached XP level 2. HP: 12/12 MP: 0/6
   850 | D:2      | Noticed Natasha
   913 | D:2      | Killed Natasha
   913 | D:2      | Reached skill level 1 in Fighting
   913 | D:2      | Reached skill level 3 in Air Magic
   913 | D:2      | Reached XP level 3. HP: 15/15 MP: 0/7
   985 | D:2      | Noticed Natasha
   996 | D:2      | Slain by Natasha

Levels and vault maps discovered:
D:1:      evilmike_arrival_plus, layout_basic, chequers_serial_rivers_micro_d
D:2:      layout_loops_ring, first_ration, chequers_serial_rivers_micro_b,
          minmay_statues_item, minmay_crystal_water, dk_noncrumbling_3,
          supply_closet_lemuel, uniq_natasha

Skill      XL: |  1  2 |
---------------+-------+-----
Conjurations   | 1 |  1.6
Fighting       | 1 |  1.0
Air Magic      | 3 |  3.1
Dodging        | |  2.6
Stealth        | |  2.6
Spellcasting   | |  2.5

Action                   || total
-------------------------++-------
Melee: Unarmed           ||    11
       Bite              ||     1
 Cast: Shock             ||    34
  Eat: Chunk             ||     2
Armor: Skin              ||     1
Dodge: Dodged            ||    14

Table legend:
 A = Non-vault XP
 B = Vault XP
 C = Vault XP percentage of total XP
 D = Non-vault monster count
 E = Vault monster count
 F = Vault count percentage of total count
                 A         B        C        D         E       F
            +---------+---------+-------+---------+---------+-------
      Total |      20 |      37 |  64.9 |      12 |       1 |   7.7
            +---------+---------+-------+---------+---------+-------
        D:1 |      17 |       0 |   0.0 |      10 |       0 |   0.0
        D:2 |       3 |      37 |  92.5 |       2 |       1 |  33.3
            +---------+---------+-------+---------+---------+-------
